 Dungeon Crawl Stone Soup version 0.29-a0-275-g389c0b56f3 (webtiles) character file.

Game seed: 12504553092498888889

47 PaleWalker the Bolt Thrower (level 3, -1/23 HPs)
             Began as a Kobold Hunter on Mar 11, 2022.
             Slain by an iguana (4 damage)
             ... on level 2 of the Dungeon.
             The game lasted 00:01:57 (1626 turns).

PaleWalker the Bolt Thrower (Kobold Hunter)         Turns: 1626, Time: 00:01:58

Health: -1/23      AC:  4    Str:  9    XL:     3   Next: 97%
Magic:  3/3        EV: 14    Int: 12    God:
Gold:   96         SH:  0    Dex: 17    Spells: 2/2 levels left

rFire   . . .      SeeInvis +   a - +1 hand crossbow
rCold   . . .      Faith    .   (no shield)
rNeg    . . .      Spirit   .   b - +0 leather armour
rPois   .          Reflect  .   g - +0 helmet
rElec   .          Harm     .   (no cloak)
rCorr   .          Rampage  .   (no gloves)
Will    .....                   (no boots)
Stlth   +++.......              (no amulet)
HPRegen 0.07/turn               f - ring of see invisible
MPRegen 0.08/turn               (no ring)

@: no status effects
A: small, no large weapons, nightstalker 3
a: no special abilities


You were on level 2 of the Dungeon.
You visited 1 branch of the dungeon, and saw 2 of its levels.

You collected 96 gold pieces.

Inventory:

Hand Weapons
 a - a +1 hand crossbow (weapon)
 n - a +2 dagger of speed
Missiles
 j - 5 curare-tipped darts
Armour
 b - a +0 leather armour (worn)
 g - a +0 helmet (worn)
Jewellery
 f - a ring of see invisible (left hand)
Scrolls
 c - a scroll of immolation
 e - a scroll of torment {unknown}
 h - a scroll of silence {unknown}
 i - a scroll of identify {unknown}
 l - a scroll of amnesia {unknown}
 m - a scroll of magic mapping {unknown}
Potions
 d - a potion of brilliance {unknown}
 k - 2 potions of curing {unknown}


   Skills:
 + Level 3.0 Fighting
 * Level 6.5 Crossbows
 - Level 2.4 Dodging
 - Level 1.3 Stealth


You had 2 spell levels left.
You didn't know any spells.
Your spell library contained the following spells:

 Spells                   Type           Power      Damage    Failure   Level
 Tukima's Dance           Hex            0%         N/A       80%         3
 Anguish                  Hex/Necr       0%         N/A       99%         4
 Enfeeble                 Hex            0%         N/A       100%        7


Dungeon Overview and Level Annotations

Branches:
Dungeon (2/15)

Altars:


Innate Abilities, Weirdness & Mutations

You are small and have problems with some larger weapons.
You are completely attuned to the shadows.


Message History

The quokka is severely wounded.
You shoot a bolt. The bolt hits the quokka!
You kill the quokka!
You see here a quokka corpse.
Found a stone staircase leading down.
You now have 96 gold pieces (gained 18).
A kobold comes into view. It is wielding a +2 dagger of speed.
A kobold is nearby!
You shoot a bolt. The bolt closely misses the kobold.
You shoot a bolt. The bolt hits the kobold.
You kill the kobold!
Found a ring mail.
Things that are here:
a +2 dagger of speed; 2 stones; a kobold corpse
n - a +2 dagger of speed You see here a +0 ring mail.
An iguana comes into view.
You shoot a bolt. The bolt hits the iguana.
The iguana hisses angrily.
The iguana is lightly wounded.
You shoot a bolt.
The bolt hits the iguana but does no damage.
The iguana is lightly wounded.
You shoot a bolt.
The bolt hits the iguana but does no damage.
The iguana is lightly wounded.
The iguana bites you!
You shoot a bolt. The bolt hits the iguana!
The iguana is severely wounded.
The iguana bites you!
* * * LOW HITPOINT WARNING * * *
You are too injured to fight recklessly!
Shoot: a) +1 hand crossbow
Press: ? - help, Q - select action, (/) - cycle Shift-Dir - straight line, f/p - iguana
Aim: an iguana (severely wounded, 69% to hit)
You shoot a bolt.
The bolt hits the iguana but does no damage.
The iguana is severely wounded.
The iguana closely misses you. The iguana bites you.
You die...

### .......#####
........†..#
.#######...##
#....#.....#....#
#.......<.......#
#...#.#...#.#...#
##..l#..._...#...####
....@#.<...<.#.......
.....#...#...#.†#....
.....##.....##.##....
......###(###..†....#
.....[..........##.##
......#.......####.##
......####........)..
.............###.....
.........#### ##.##.


You could see an iguana.

Vanquished Creatures
  An adder (D:2)
  A worm (D:2)
  7 ball pythons
  An endoplasm (D:1)
  A giant cockroach (D:1)
  3 hobgoblins
  4 jackals (D:1)
  5 kobolds
  A quokka (D:2)
  5 bats
  2 frilled lizards
31 creatures vanquished.

Notes
Turn   | Place    | Note
-------+----------+-------------------------------------------
     0 | D:1      | PaleWalker the Kobold Hunter began the quest for the Orb.
     0 | D:1      | Reached XP level 1. HP: 12/12 MP: 1/1
   191 | D:1      | Reached XP level 2. HP: 12/18 MP: 2/2
   717 | D:1      | Reached skill level 6 in Crossbows
  1017 | D:1      | Reached XP level 3. HP: 22/22 MP: 3/3
  1205 | D:2      | Found a faded altar of an unknown god.
  1626 | D:2      | Slain by an iguana

Illustrated notes

Levels and vault maps discovered:
D:1:      dpeg_arrival_yet_another_circle, layout_loops_corners
D:2:      layout_rooms, nicolae_ecumenical_pavilion, kennysheep_another_room,
          solitary_fountain, uniq_jessica

Skill      XL: |  1  2  3 |
---------------+----------+-----
Crossbows      | 6 |  6.5
Fighting       | 3 |  3.0
Dodging        | |  2.4
Stealth        | |  1.3

Action                   || total
-------------------------++-------
 Fire: Hand crossbow     ||    71
Armor: Leather armour    ||     7
Dodge: Dodged            ||    22

Table legend: (Time is in decaauts)
 A = Elapsed time spent in this place.
 B = Non-inter-level travel time spent in this place.
 C = Inter-level travel time spent in this place.
 D = Time resting spent in this place.
 E = Time spent auto-exploring this place.
 F = Levels seen in this place.
 G = Mean time per level.
                   A        B        C        D        E       F      G
               +--------+--------+--------+--------+--------+-----+--------+
         Total |   1643 |   1614 |     29 |      0 |   1428 |   2 |  821.5 |
       Dungeon |   1643 |   1614 |     29 |      0 |   1428 |   2 |  821.5 |
               +--------+--------+--------+--------+--------+-----+--------+

Top non-repeatable levels by time:
     D:1: 1215 daAuts
     D:2: 427 daAuts
